AoeStats
← Michi3052

Glade

503315091Analyzed
1v1 RM · 1mo ago on Aug 31, 2026· 32m 44s· 2 players
Game mode
Random Map
Map size
Tiny (2 player)
Population
200
Speed
Normal
Resources
Standard
Victory
Conquest
Starting age
Dark Age
Ending age
Imperial Age
RankedLock teamsTeams togetherTeam positionsShared explorationLock speedFull tech treeHidden civsTurbo modeCheats
Victory
Defeat
🇪🇸 Saracens · Spain
733
+17
🇺🇸 Huns · United States
748
-17
Michi3052
11:19 Feudal Age
12:04 Double-Bit Axe
13:58 Horse Collar
19:31 Castle Age
18:26 Gold Mining
30:27 Wheelbarrow
29:44 Loom
Dub_Dubb
10:13 Feudal Age
18:22 Castle Age
17:40 Forging
17:48 Scale Barding Armor
25:44 Padded Archer Armor
25:55 Crossbowman
Connection lost

Rejoining the realm…

Still unreachable

The connection could not be restored.

Session expired

The server has moved on; the page needs a fresh start.